 Dungeon Crawl Stone Soup version 0.31-b1-18-g61460d1e46 (webtiles) character file.

Game seed: 13299736378922342180

319 Arctor the Vexing (level 6, -2/46 (47) HPs)
             Began as a Gnoll Hexslinger on Jan 17, 2024.
             Incinerated by a bombardier beetle (5 damage)
             ... with a burning spray
             ... on level 4 of the Dungeon.
             The game lasted 00:03:37 (2586 turns).

Arctor the Vexing (Gnoll Hexslinger)                Turns: 2586, Time: 00:03:37

HP:   -2/46 (47)    AC: 16    Str:  8    XL:     6   Next: 46%
MP:   11/11         EV:  4    Int: 12    God:
Gold: 278           SH:  0    Dex: 16    Spells: 10/12 levels left

rFire   . . .        a - +1 sling
rCold   . . .        (no shield)
rNeg    . . .        f - +0 shadow dragon scales
rPois   .            (no helmet)
rElec   .            e - +0 cloak
rCorr   .            g - +2 pair of gloves
SInv    .            (no boots)
Will    .....        (no amulet)
Stlth   ++           (no ring)
HPRegen 0.27/turn    (no ring)
MPRegen 0.12/turn

%: no passive effects
@: on fire, glowing, lightly drained
A: fangs 1, strong nose, distributed training
a: no special abilities


You were on level 4 of the Dungeon.
You visited 1 branch of the dungeon, and saw 4 of its levels.

You collected 278 gold pieces.

Inventory:

Hand Weapons
 a - a +1 sling (weapon)
Armour
 c - a +0 robe
 e - a +0 cloak (worn)
 f - +0 shadow dragon scales (worn)
 g - a +2 pair of gloves (worn)
 k - a +1 leather armour of cold resistance
Magical Staves
 d - a staff of alchemy
Talismans
 i - a beast talisman
Scrolls
 b - a scroll of poison
 h - 5 scrolls of teleportation
 l - a scroll of vulnerability
 r - a scroll of identify
 s - a scroll of enchant armour
Potions
 j - 5 potions of curing
 m - a potion of might {unknown}
 n - 3 potions of heal wounds {unknown}
 o - a potion of attraction {unknown}
 p - a potion of lignification {unknown}
 q - a potion of cancellation {unknown}


   Skills:
 + Level 3.3 Fighting
 + Level 2.0 Short Blades
 + Level 2.0 Long Blades
 + Level 2.0 Axes
 + Level 2.0 Maces & Flails
 + Level 2.0 Polearms
 + Level 2.0 Staves
 + Level 5.0 Ranged Weapons
 + Level 2.0 Throwing
 + Level 2.0 Armour
 + Level 5.0 Dodging
 + Level 2.0 Stealth
 + Level 2.0 Shields
 + Level 2.0 Unarmed Combat
 + Level 3.5 Spellcasting
 + Level 1.6 Conjurations
 + Level 5.7 Hexes
 + Level 1.6 Summonings
 + Level 1.6 Necromancy
 + Level 1.6 Translocations
 + Level 2.7 Fire Magic
 + Level 1.6 Ice Magic
 + Level 1.6 Air Magic
 + Level 1.6 Earth Magic
 + Level 1.6 Alchemy
 + Level 2.2 Invocations
 + Level 2.0 Evocations
 + Level 1.8 Shapeshifting


You had 10 spell levels left.
You knew the following spells:

 Your Spells              Type           Power      Damage    Failure   Level
a - Jinxbite              Hex            30%        N/A       99%         2

Your spell library contained the following spells:

 Spells                   Type           Power      Damage    Failure   Level
 Inner Flame              Hex/Fire       12%        N/A       100%        3
 Sigil of Binding         Hex            15%        N/A       100%        3
 Cause Fear               Hex            7%         N/A       100%        4
 Dimensional Bullseye     Hex/Tloc       5%         N/A       100%        4


Dungeon Overview and Level Annotations

Branches:
Dungeon (4/15)
 Temple: D:4-7

Altars:

Shops:
D:1 (


Innate Abilities, Weirdness & Mutations

You have very sharp teeth.
Your uncanny sense of smell can sniff out nearby items.
Your experience applies equally to all skills.


Message History

The burning spray hits you.
You are covered in liquid fire!
The bombardier beetle bites you but does no damage.
You shoot a sling bullet.
The sling bullet hits the bombardier beetle but does no damage.
The bombardier beetle is heavily wounded.
The liquid fire burns you!
The bombardier beetle bites you but does no damage.
You shoot a sling bullet.
The sling bullet barely misses the bombardier beetle.
The liquid fire burns you!
The bombardier beetle bites you but does no damage.
You shoot a sling bullet.
The sling bullet hits the bombardier beetle.
The bombardier beetle is heavily wounded.
The liquid fire burns you!
The bombardier beetle bites you but does no damage.
You shoot a sling bullet.
The sling bullet barely misses the bombardier beetle.
The liquid fire burns you!
A hound comes into view.
The bombardier beetle sprays incendiary fluid at you.
The burning spray hits you.
You are even more covered in liquid fire!
You shoot a sling bullet. The hound barks!
The sling bullet hits the bombardier beetle but does no damage.
The bombardier beetle is heavily wounded.
The liquid fire burns you!
* * * LOW HITPOINT WARNING * * *
The bombardier beetle bites you but does no damage.
You shake off some of the fire as you move.
The liquid fire burns you!
* * * LOW HITPOINT WARNING * * *
You shake off some of the fire as you move.
The liquid fire burns you!
* * * LOW HITPOINT WARNING * * *
You shake off some of the fire as you move.
The liquid fire burns you!
You die...

... ###... ..
#########....# .. . #.
............## ... .. #.
..##........###..# #..###.
#...........#....# #.....
##..#.............#
#.....##.@###.....###..#..
##........##[.....#.......#
........B.##..#..........##
.###..h.#.[..###..........#
#...##....# #......†....
#$... #..................
...?.. ##............#..##
...##.. #...............#.
.#. ### .....##...........


You could see a bombardier beetle and a hound.

Vanquished Creatures
  Grinder (D:3)
  Crazy Yiuf (D:3)
  2 adders (D:2)
  2 dart slugs
  4 ribbon worms
  5 orcs (D:3)
  4 endoplasms
  3 giant cockroaches
  3 hobgoblins
  4 jackals
  4 quokkas
  6 ball pythons
  7 bats
  8 goblins
  3 kobolds
  7 rats
64 creatures vanquished.

Notes
Turn   | Place    | Note
-------+----------+-------------------------------------------
     0 | D:1      | Arctor the Gnoll Hexslinger began the quest for the Orb.
     0 | D:1      | Reached XP level 1. HP: 17/17 MP: 4/4
   124 | D:1      | Reached XP level 2. HP: 23/23 MP: 5/5
   172 | D:1      | Learned a level 2 spell: Jinxbite
   376 | D:1      | Reached XP level 3. HP: 28/28 MP: 7/7
   501 | D:1      | Found Maomu's Weapon Shop.
   551 | D:2      | Reached skill level 1 in Invocations
   718 | D:2      | Reached skill level 1 in Short Blades
   718 | D:2      | Reached skill level 1 in Long Blades
   718 | D:2      | Reached skill level 1 in Axes
   718 | D:2      | Reached skill level 1 in Maces & Flails
   718 | D:2      | Reached skill level 1 in Polearms
   718 | D:2      | Reached skill level 1 in Staves
   718 | D:2      | Reached skill level 1 in Throwing
   718 | D:2      | Reached skill level 1 in Armour
   718 | D:2      | Reached skill level 1 in Stealth
   718 | D:2      | Reached skill level 1 in Shields
   718 | D:2      | Reached skill level 1 in Unarmed Combat
   718 | D:2      | Reached skill level 1 in Evocations
   873 | D:2      | Reached skill level 1 in Shapeshifting
   873 | D:2      | Reached XP level 4. HP: 34/34 MP: 8/8
  1661 | D:3      | Reached skill level 1 in Conjurations
  1661 | D:3      | Reached skill level 1 in Summonings
  1661 | D:3      | Reached skill level 1 in Necromancy
  1661 | D:3      | Reached skill level 1 in Translocations
  1661 | D:3      | Reached skill level 1 in Ice Magic
  1661 | D:3      | Reached skill level 1 in Air Magic
  1661 | D:3      | Reached skill level 1 in Earth Magic
  1661 | D:3      | Reached skill level 1 in Alchemy
  1841 | D:3      | Noticed Grinder
  1846 | D:3      | Paralysed by Grinder for 5 turns
  1852 | D:3      | Killed Grinder
  1853 | D:3      | Reached skill level 5 in Ranged Weapons
  1853 | D:3      | Reached skill level 5 in Dodging
  1853 | D:3      | Reached XP level 5. HP: 17/41 MP: 8/10
  1853 | D:3      | Reached XP level 6. HP: 19/47 MP: 8/11
  2256 | D:3      | Found a runed translucent door.
  2257 | D:3      | Noticed Crazy Yiuf
  2382 | D:3      | Killed Crazy Yiuf
  2586 | D:4      | Incinerated by a bombardier beetle

Illustrated notes

Levels and vault maps discovered:
D:1:      shiori_shiawase, layout_rooms, serial_shops,
          nicolae_shop_bloodbath_and_beyond
D:2:      layout_basic, minmay_misc_feat_nine_boxes, nrook_campfire
D:3:      layout_rooms, uniq_grinder, uniq_crazy_yiuf_cottage
D:4:      layout_cave_pools, minmay_temple_entry_antechambers,
          gup_sewer_entry_bowl, grunt_decor_clamped, minmay_joined_circles,
          uniq_pargi

Skill      XL: |  1  2  3  4 |
---------------+-------------+-----
Fire Magic     | 2 |  2.7
Invocations    | 1 2 |  2.2
Short Blades   | 1 2 |  2.0
Long Blades    | 1 2 |  2.0
Axes           | 1 2 |  2.0
Maces & Flails | 1 2 |  2.0
Polearms       | 1 2 |  2.0
Staves         | 1 2 |  2.0
Throwing       | 1 2 |  2.0
Armour         | 1 2 |  2.0
Stealth        | 1 2 |  2.0
Shields        | 1 2 |  2.0
Unarmed Combat | 1 2 |  2.0
Evocations     | 1 2 |  2.0
Shapeshifting  | 1 |  1.8
Spellcasting   | 3 |  3.5
Conjurations   | 1 |  1.6
Summonings     | 1 |  1.6
Necromancy     | 1 |  1.6
Translocations | 1 |  1.6
Ice Magic      | 1 |  1.6
Air Magic      | 1 |  1.6
Earth Magic    | 1 |  1.6
Alchemy        | 1 |  1.6
Fighting       | 3 |  3.3
Ranged Weapons | 5 |  5.0
Dodging        | 5 |  5.0
Hexes          | |  5.7

Action                     |  1- 3 |  4- 6 || total
---------------------------+-------+-------++-------
   Fire: Sling             |   132 |   120 ||   252
   Cast: Jinxbite          |     5 |     1 ||     6
    Use: Scroll            |     3 |     1 ||     4
         Potion            |       |     2 ||     2
 Armour: Robe              |    15 |       ||    15
         Leather armour    |    16 |     7 ||    23
         Shadow dragon sca |       |   111 ||   111
  Dodge: Dodged            |    57 |    19 ||    76
